 Dungeon Crawl Stone Soup version 0.26-a0-259-g1effd001a9 (webtiles) character file.

Game seed: 14592699460982319106

855 Slobodan the Poker (level 7, -4/51 HPs)
             Began as a Mummy Wanderer on July 16, 2020.
             Slain by an orc warrior
             ... wielding a +0 halberd
              (5 damage)
             ... on level 6 of the Dungeon.
             The game lasted 00:34:01 (3413 turns).

Slobodan the Poker (Mummy Wanderer)                 Turns: 3413, Time: 00:34:03

Health: -4/51      AC: 13    Str: 18    XL:     7   Next: 70%
Magic:  11/11      EV:  6    Int: 10    God:
Gold:   47         SH:  9    Dex: 14    Spells: 10/11 levels left

rFire    . . .     SeeInvis .   s - +9 hand axe "Grum" {freeze, MR++ Dex+2}
rCold    . . .     Faith    .   c - +0 buckler
rNeg     + + +     Spirit   .   o - +2 chain mail {rPois}
rPois    ∞         Reflect  +   (no helmet)
rElec    .         Harm     .   (no cloak)
rCorr    .                      (no gloves)
MR       ++...                  b - +2 pair of boots
Stlth    ..........             p - amulet of reflection
HPRegen  0.17/turn              e - ring of fire
MPRegen  0.12/turn              k - ring of stealth

@: marked
A: no food or potions, fire vulnerability, cold resistance 1, negative energy
resistance 3, torment resistance, unbreathing
a: no special abilities


You were on level 6 of the Dungeon.
You were not hungry.

You visited 1 branch of the dungeon, and saw 6 of its levels.

You collected 223 gold pieces.
You spent 176 gold pieces at shops.

Inventory:

Hand Weapons
 a - a +2 spear
 r - a +0 trident
 s - the +9 hand axe "Grum" (weapon) {freeze, MR++ Dex+2}
   (You bought it in a shop on level 4 of the Dungeon)

   It has been specially enchanted to freeze those struck by it, causing extra
   injury to most foes and up to half again as much damage against particularly
   susceptible opponents.
   It can also slow down cold-blooded creatures.
   It affects your dexterity (+2).
   It affects your resistance to hostile enchantments.
Missiles
 d - 78 stones
 h - 34 poisoned darts (quivered)
 t - 4 datura-tipped darts
Armour
 b - a +2 pair of boots (worn)
 c - a +0 buckler (worn)
 g - a +1 leather armour of cold resistance
 n - +0 acid dragon scales
 o - a +2 chain mail of poison resistance (worn)
Jewellery
 e - a ring of fire (left hand)
 k - a ring of stealth (right hand)
 p - an amulet of reflection (around neck)
 q - an uncursed ring of resist corrosion
Scrolls
 f - 3 scrolls of identify
 i - 3 scrolls of remove curse
 l - a scroll of amnesia
 m - 2 scrolls of immolation


   Skills:
 - Level 2.3 Fighting
 + Level 4.8(5.8) Axes
 - Level 5.0(6.0) Polearms
 - Level 1.0 Dodging
 - Level 1.0 Stealth
 - Level 1.0 Shields
 - Level 2.6 Spellcasting
   Level 1.5 Conjurations
   Level 1.0 Translocations


You had 10 spell levels left.
You knew the following spells:

 Your Spells              Type           Power        Failure   Level
a - Summon Small Mammal   Summ           #...         100%        1

Your spell library contained the following spells:

 Spells                   Type           Power        Failure   Level
 Recall                   Summ/Tloc      N/A          100%        3


Dungeon Overview and Level Annotations

Branches:
Dungeon (6/15)
 Temple: D:4-7

Altars:
Fedhas
Hepliaklqana
Kikubaaqudgha
Sif Muna
Wu Jian
Xom
Zin

Shops:
D:4 (


Innate Abilities, Weirdness & Mutations

You do not eat or drink.
Your flesh is vulnerable to fire.
You are immune to poison.
Your flesh is cold resistant. (rC+)
You are immune to negative energy. (rN+++)
You are immune to unholy pain and torment.
You can survive without breathing.


Message History

The worker ant bites you.
The orc warrior hits you with a +0 scimitar!
* * * LOW HITPOINT WARNING * * *
The orc warrior hits you but does no damage.
Unknown command.
You hit the worker ant. You freeze the worker ant.
The worker ant is heavily wounded.
You hit the orc warrior but do no damage.
The worker ant barely misses you.
The orc warrior hits you but does no damage.
The orc warrior hits you from afar with a +0 halberd!
* * * LOW HITPOINT WARNING * * *
The worker ant bites you but does no damage.
Your chain mail prevents you from hitting the worker ant.
The worker ant is heavily wounded.
You hit the orc warrior. You freeze the orc warrior.
The orc warrior barely misses you. The worker ant barely misses you.
A sky beast comes into view.
The orc warrior hits you from afar with a +0 halberd.
You die... #......#.## .# #.........# #.## #.......#.... ..... #####.### ##. ..... ###..# sY....

#...##
###o.oo..
#.###
#oo.o...o
#.# #o# ##.#
#@# #..#
######a#
#.##
#..a...# #.#
#.###### #.#
##.#
#.###..#
#####.....##
#......####
#......#


You could see 2 orc warriors, a sky beast, a scorpion, a worker ant, an orc
priest and an orc wizard.

Vanquished Creatures
  Menkaure (D:5)
  2 phantoms (D:4)
  An ogre (D:4)
  Blork the orc (D:5)
  3 howler monkeys (D:4)
  A bullfrog zombie (D:5)
  A quasit (D:5)
  A bullfrog skeleton (D:5)
  3 worker ants
  A worker ant zombie (D:5)
  3 gnolls (D:5)
  A white imp (D:6)
  2 adder skeletons
  4 worms
  4 dart slugs
  3 leopard geckos
  5 orcs
  3 bats
  4 giant cockroaches
  8 goblins
  5 hobgoblins
  13 jackals
  A ball python skeleton (D:4)
  3 frilled lizards
  8 rats
82 creatures vanquished.

Notes
Turn   | Place    | Note
-------+----------+-------------------------------------------
     0 | D:1      | Slobodan the Mummy Wanderer began the quest for the Orb.
     0 | D:1      | Slobodan set off with the following items: a +2 spear, a +0
                  | buckler, a +0 robe; and the following spell memorised:
                  | Summon Small Mammal; and the following spells available to
                  | memorise: Recall
     0 | D:1      | Reached XP level 1. HP: 16/16 MP: 4/4
   247 | D:1      | Reached skill level 1 in Polearms
   266 | D:1      | Reached XP level 2. HP: 22/22 MP: 5/5
   937 | D:2      | Reached skill level 2 in Polearms
   937 | D:2      | Reached XP level 3. HP: 28/28 MP: 7/7
  1009 | D:2      | Found a blossoming altar of Fedhas.
  1059 | D:2      | Found a hazy altar of Hepliaklqana.
  1263 | D:3      | Found an ancient bone altar of Kikubaaqudgha.
  1599 | D:3      | Found a shimmering blue altar of Sif Muna.
  1599 | D:3      | Found a shimmering altar of Xom.
  1600 | D:3      | Found an ornate altar of the Wu Jian Council.
  1761 | D:3      | Reached XP level 4. HP: 34/34 MP: 8/8
  1899 | D:3      | Reached skill level 3 in Polearms
  2282 | D:4      | Noticed a phantom
  2330 | D:4      | Killed a phantom
  2330 | D:4      | Reached skill level 4 in Polearms
  2330 | D:4      | Reached XP level 5. HP: 32/39 MP: 9/9
  2392 | D:4      | Noticed a phantom
  2438 | D:4      | Killed a phantom
  2438 | D:4      | Reached skill level 5 in Polearms
  2438 | D:4      | Reached XP level 6. HP: 45/45 MP: 10/10
  2556 | D:4      | Found Ulia's Antique Weapon Shoppe.
  2565 | D:4      | Bought a brightly glowing hand axe for 176 gold pieces
  2565 | D:4      | Identified the +9 hand axe "Grum" {freeze, MR++ Dex+2} (You
                  | bought it in a shop on level 4 of the Dungeon)
  2619 | D:4      | Reached skill level 1 in Axes
  2833 | D:5      | Entered Level 5 of the Dungeon
  2841 | D:5      | Found a glowing silver altar of Zin.
  2869 | D:5      | Reached XP level 7. HP: 46/51 MP: 11/11
  2932 | D:5      | Noticed Menkaure
  2943 | D:5      | Killed Menkaure
  3143 | D:5      | Noticed Blork the orc
  3294 | D:5      | Killed Blork the orc
  3412 | D:6      | HP: 1/51 [orc warrior/+0 halberd (7)]
  3413 | D:6      | Slain by an orc warrior

Illustrated notes

Levels and vault maps discovered:
D:1:      erik_arrival_triangle_large, layout_rooms
D:2:      layout_loops_ring, fedhas_altar_2, hangedman_feature_mirror,
          lemuel_statue_altar
D:3:      layout_basic, nicolae_overflow_hidden_temple,
          gammafunk_temple_overflow_claw, hangedman_decor_opposing,
          hangedman_feature_mirror, minmay_misc_feat_square
D:4:      layout_loops_corners, serial_shops, kennysheep_little_box
D:5:      layout_rooms, nicolae_overflow_crystal_walls, first_ration,
          columned_hall_lemuel, uniq_blork_the_orc, uniq_menkaure
D:6:      layout_rooms

Skill      XL: |  1  2  3  4  5  6  7 |
---------------+----------------------+-----
Polearms       | 1 2 4 5 |  5.0
Axes           | 2 4 |  4.8
Fighting       | |  2.3
Dodging        | |  1.0
Stealth        | |  1.0
Shields        | |  1.0
Spellcasting   | |  2.6
Conjurations   | |  1.5
Translocations | |  1.0

Action                   |  1- 3 |  4- 6 |  7- 9 || total
-------------------------+-------+-------+-------++-------
Melee: Spear             |   136 |   108 |       ||   244
       Hand axe          |       |    21 |    41 ||    62
Throw: Dart              |    54 |    15 |     9 ||    78
       Throwing net      |       |     5 |       ||     5
       Stone             |       |     8 |       ||     8
  Use: Scroll            |     4 |     3 |     2 ||     9
 Stab: Sleeping          |     2 |       |       ||     2
       Held in net/web   |       |     2 |       ||     2
Armor: Robe              |     1 |       |       ||     1
       Leather armour    |     9 |       |       ||     9
       Chain mail        |    29 |    29 |    19 ||    77
       Acid dragon scale |     1 |       |       ||     1
Dodge: Dodged            |    45 |    20 |     8 ||    73
Block: Buckler           |    19 |    47 |    19 ||    85

Table legend:
 A = Non-vault XP
 B = Vault XP
 C = Vault XP percentage of total XP
 D = Non-vault monster count
 E = Vault monster count
 F = Vault count percentage of total count
                 A         B        C        D         E       F
            +---------+---------+-------+---------+---------+-------
      Total |     947 |     275 |  22.5 |      76 |       6 |   7.3
            +---------+---------+-------+---------+---------+-------
        D:1 |      20 |       0 |   0.0 |      10 |       0 |   0.0
        D:2 |      20 |       9 |  31.0 |      10 |       2 |  16.7
        D:3 |      59 |       4 |   6.3 |      26 |       2 |   7.1
        D:4 |     567 |       0 |   0.0 |      15 |       0 |   0.0
        D:5 |     231 |     262 |  53.1 |      11 |       2 |  15.4
        D:6 |      50 |       0 |   0.0 |       4 |       0 |   0.0
            +---------+---------+-------+---------+---------+-------
